 Dungeon Crawl Stone Soup version 0.29-a0-887-gcbe080d7e0 (webtiles) character file.

Game seed: 8822291378154132120

63 mcwallace the Charlatan (level 3, -2/20 HPs)
             Began as a Deep Elf Artificer on July 21, 2022.
             Slain by a goblin
             ... wielding a +0 club
             ... led by Robin
              (3 damage)
             ... on level 3 of the Dungeon.
             The game lasted 00:04:47 (3044 turns).

mcwallace the Charlatan (Deep Elf Artificer)        Turns: 3044, Time: 00:04:47

Health: -2/20      AC:  6    Str:  9    XL:     3   Next: 89%
Magic:  16/16      EV: 12    Int: 17    God:
Gold:   109        SH:  0    Dex: 15    Spells: 5/5 levels left

rFire   . . .      SeeInvis .   h - +2 rapier (holy) {short}
rCold   . . .      Faith    .   (no shield)
rNeg    . . .      Spirit   .   b - +0 leather armour
rPois   .          Reflect  .   w - +2 hat
rElec   .          Harm     .   (no cloak)
rCorr   .          Rampage  .   (no gloves)
Will    .....                   x - +0 pair of boots
Stlth   ++........              (no amulet)
HPRegen 0.06/turn               q - ring of magical power
MPRegen 0.15/turn               (no ring)

@: no status effects
A: no striking features
a: no special abilities


You were on level 3 of the Dungeon.
You visited 1 branch of the dungeon, and saw 3 of its levels.

You collected 109 gold pieces.


   Skills:
 + Level 1.4 Fighting
 + Level 1.4 Armour
 + Level 3.1 Dodging
 - Level 1.2 Stealth
 + Level 1.9 Spellcasting
 + Level 3.7 Evocations


You had 5 spell levels left.
You didn't know any spells.
Your spell library was empty.

Inventory:

Hand Weapons
 a - a +0 club {mace}
 f - a +0 dagger {short}
   (You took it off a kobold on level 1 of the Dungeon)
 h - a +2 rapier of holy wrath (weapon) {short}
   (You found it on level 1 of the Dungeon)
Missiles
 g - 23 stones {throwing}
 m - 4 boomerangs {throwing}
Armour
 b - a +0 leather armour (worn)
 k - a +0 robe
   (You found it on level 1 of the Dungeon)
 n - a +0 leather armour
   (You found it on level 1 of the Dungeon)
 u - a +0 scale mail
   (You found it on level 2 of the Dungeon)
 w - a +2 hat (worn)
   (You found it on level 2 of the Dungeon)
 x - a +0 pair of boots (worn)
   (You found it on level 2 of the Dungeon)
Jewellery
 q - a ring of magical power (left hand)
   (You found it on level 2 of the Dungeon)
Wands
 c - a wand of flame (10) (quivered)
 d - a wand of charming (13)
 e - a wand of iceblast (9)
 y - a wand of mindburst (8)
   (You found it on level 2 of the Dungeon)
Scrolls
 i - a scroll of noise {unknown}
 o - 2 scrolls of teleportation {unknown}
 p - 2 scrolls of identify {unknown}
 v - a scroll of vulnerability {unknown}
Potions
 j - a potion of berserk rage {unknown}
 l - 3 potions of curing {unknown}
 r - a potion of cancellation {unknown}
 s - 2 potions of mutation {unknown}
 t - a potion of might {unknown}

Dungeon Overview and Level Annotations

Branches:
Dungeon (3/15) Zot: 14923

Altars:
Yredelemnul

Annotations:
D:3 Robin

#########
#.....).########
#..............#
#..............#
#..............#
#..............#
#....gg........# ###
#..<@g....g....####..
#....g...............
#..............#.....
##.............##....
###..............######
###.........#####.....
#...#####....# #.#...
##..##.....##.# #.....
##...#..<.#..#..#
##....


You could see Robin, a hobgoblin (strong) and 3 goblins.


Message History

The goblin no longer looks unusually strong.
The goblin hits you with a +0 dagger.
* * * LOW HITPOINT WARNING * * *
Robin roars a battlecry!
The goblin goes into a battle-frenzy!
You hear a shout! x3 😨 HP[-4]
You take 4 damage, and now have 6/20 hp.
Aiming: Throw Flame
Press: ? - help, Q - select action, (/) - cycle Shift-Dir - straight line, f/p - Robin
Aim: Robin, wielding a +0 dagger, wearing a +0 animal skin and wearing a +0 helmet (79% to hit)
The puff of flame misses the hobgoblin.
The puff of flame hits Robin!
The goblin barely misses you.
Robin roars a battlecry!
Aiming: Throw Flame
Press: ? - help, Q - select action, (/) - cycle Shift-Dir - straight line, f/p - Robin
Aim: Robin, wielding a +0 dagger, wearing a +0 animal skin and wearing a +0 helmet (heavily wounded, 79% to hit)
The puff of flame hits the hobgoblin.
The hobgoblin no longer looks unusually strong.
The goblin closely misses you. The hobgoblin barely misses you.
Robin roars a battlecry!
The hobgoblin goes into a battle-frenzy!
You closely miss the goblin.
A hobgoblin comes into view.
The goblin hits you but does no damage. The hobgoblin closely misses you.
Robin drinks a potion.
Robin is healed!
A hobgoblin comes into view.
The hobgoblin barely misses you. The goblin hits you with a +0 dagger.
* * * LOW HITPOINT WARNING * * *
😱 HP[-1]
You take 1 damage, and now have 5/20 hp.
Aiming: Charm
Press: ? - help, Q - select action, (/) - cycle Shift-Dir - straight line, f - goblin, p - Robin
Aim: a goblin, wielding a +0 dagger (strong, chance to affect: 75%)
The goblin struggles to resist.
The hobgoblin shouts!
Robin says, "Bow before me, strongest of all the hobgoblins!"
The hobgoblin barely misses you. The goblin barely misses you.
Aiming: Charm
Press: ? - help, Q - select action, (/) - cycle Shift-Dir - straight line, f/p - goblin
Aim: a goblin, wielding a +0 dagger (strong, chance to affect: 75%)
The goblin is charmed.
The hobgoblin barely misses you.
You swap places.
The hobgoblin attacks as you move away! The hobgoblin barely misses you.
The hobgoblin barely misses your goblin.
The hobgoblin hits your goblin.
Your goblin dies! 😨 HP[+1] Robin roars a battlecry!
The hobgoblin goes into a battle-frenzy! 😨 HP[+1] Robin says, "My goblins will feast on your bones."
Robin roars a battlecry!
The hobgoblins go into a battle-frenzy! 😨 HP[+1]
You see here a frilled lizard corpse.
Robin roars a battlecry!
The hobgoblin no longer looks unusually strong. 😨 HP[+1]
There is an open door here. 😨 HP[+1]
The goblin shouts!
You hear a shout!
You barely miss the goblin.
Robin roars a battlecry!
The hobgoblin goes into a battle-frenzy!
The goblin hits you but does no damage.
You hit the goblin. The goblin hits you but does no damage.
Robin says, "Duck!"
You closely miss the goblin. The hobgoblin closely misses you.
The goblin hits you but does no damage.
You hit the goblin.
A goblin comes into view. It is wielding a +0 club.
Robin roars a battlecry!
The goblins go into a battle-frenzy!
The hobgoblin closely misses you. The hobgoblin attacks as you move away!
The hobgoblin hits you but does no damage.
The goblin barely misses you. The goblin hits you but does no damage.
The goblin attacks as you move away! The goblin hits you but does no damage.
The goblin hits you but does no damage. The goblin completely misses you.
The goblin attacks as you move away! The goblin hits you but does no damage.
Robin roars a battlecry!
The goblin goes into a battle-frenzy! 😮 HP[+1]
The goblin attacks as you move away! The goblin hits you with a +0 club.
* * * LOW HITPOINT WARNING * * *
😨 HP[-4]
You take 4 damage, and now have 7/20 hp.
The goblin attacks as you move away! The goblin closely misses you.
The goblin attacks as you move away! The goblin closely misses you.
The goblin attacks as you move away! The goblin hits you but does no damage.
The goblin attacks as you move away! The goblin closely misses you.
The goblin attacks as you move away! The goblin hits you with a +0 club.
* * * LOW HITPOINT WARNING * * *
The goblin attacks as you move away! The goblin closely misses you.
The goblin attacks as you move away! The goblin hits you with a +0 club.
You die...

Skill      XL: |  1  2  3 |
---------------+----------+-----
Fighting       | 1 |  1.4
Armour         | 1 |  1.4
Spellcasting   | 1 |  1.9
Dodging        | 3 |  3.1
Stealth        | |  1.2
Evocations     | |  3.7

Action                   || total
-------------------------++-------
Melee: Club              ||    20
       Dagger            ||    16
       Rapier            ||   103
       Punch             ||     1
Evoke: Wand              ||     7
 Stab: Sleeping          ||     2
Armor: Leather armour    ||    51
Dodge: Dodged            ||   101

Levels and vault maps discovered:
D:1:      minmay_arrival_shoal_huts, layout_rooms
D:2:      layout_basic, st_stairs_12
D:3:      layout_rooms, lemuel_crystal_altar, cheibriados_altar_1,
          nicolae_ecumenical_pavilion, hangedman_glass_teeth,
          roderic_serpentine_path, uniq_jessica, uniq_robin

Notes
Turn   | Place    | Note
-------+----------+-------------------------------------------
     0 | D:1      | mcwallace the Deep Elf Artificer began the quest for the
                  | Orb.
     0 | D:1      | Reached XP level 1. HP: 11/11 MP: 3/3
     0 | D:1      | magus.rc [v1.9.6]
   450 | D:1      | Reached skill level 1 in Fighting
   450 | D:1      | Reached skill level 1 in Armour
   592 | D:1      | Reached XP level 2. HP: 16/16 MP: 5/5
   807 | D:1      | Reached skill level 1 in Spellcasting
  1720 | D:2      | Reached XP level 3. HP: 10/20 MP: 7/7
  1992 | D:2      | Reached skill level 3 in Dodging
  2780 | D:3      | Found a faded altar of an unknown god.
  2921 | D:3      | Found a basalt altar of Yredelemnul.
  2927 | D:3      | Noticed Robin
  2945 | D:3      | HP: 5/20 [goblin/+0 dagger[Robin] (1)]
  3044 | D:3      | HP: 1/20 [goblin/+0 club[Robin] (6)]
  3044 | D:3      | Slain by a goblin

Vanquished Creatures
  2 adders (D:2)
  3 endoplasms (D:1)
  A giant cockroach (D:2)
  12 goblins
  2 hobgoblins
  3 kobolds
  A quokka (D:1)
  5 ball pythons
  4 bats
  5 frilled lizards
  6 rats
44 creatures vanquished.

Vanquished Creatures (others)
  A goblin (D:3)
1 creature vanquished.

Grand Total: 45 creatures vanquished

Table legend:
 A = Non-vault XP
 B = Vault XP
 C = Vault XP percentage of total XP
 D = Non-vault monster count
 E = Vault monster count
 F = Vault count percentage of total count
                 A         B        C        D         E       F
            +---------+---------+-------+---------+---------+-------
      Total |      83 |       8 |   8.8 |      40 |       4 |   9.1
            +---------+---------+-------+---------+---------+-------
        D:1 |      33 |       0 |   0.0 |      22 |       0 |   0.0
        D:2 |      48 |       2 |   4.0 |      16 |       1 |   5.9
        D:3 |       2 |       6 |  75.0 |       2 |       3 |  60.0
            +---------+---------+-------+---------+---------+-------

Illustrated notes

Table legend:
 A = Kills in this place as a percentage of kills in entire the game.
 B = Kills by you in this place as a percentage of kills by you in the entire game.
 C = Kills by friends in this place as a percentage of kills by friends in the entire game.
 D = Other kills in this place as a percentage of other kills in the entire game.
 E = Experience gained in this place as a percentage of experience gained in the entire game.
 F = Experience gained in this place divided by the number of levels of this place that you have seen.
                   A       B       C       D       E      F
               +-------+-------+-------+-------+-------+----------------------
         Total | 100.0 | 100.0 |   N/A |   N/A | 100.0 |  30.3
       Dungeon | 100.0 | 100.0 |   N/A |   N/A | 100.0 |  30.3
               +-------+-------+-------+-------+-------+----------------------

Table legend: (Time is in decaauts)
 A = Elapsed time spent in this place.
 B = Non-inter-level travel time spent in this place.
 C = Inter-level travel time spent in this place.
 D = Time resting spent in this place.
 E = Time spent auto-exploring this place.
 F = Levels seen in this place.
 G = Mean time per level.
                   A        B        C        D        E       F      G
               +--------+--------+--------+--------+--------+-----+--------+
         Total |   3076 |   2965 |    111 |    111 |   2364 |   3 | 1025.3 |
       Dungeon |   3076 |   2965 |    111 |    111 |   2364 |   3 | 1025.3 |
               +--------+--------+--------+--------+--------+-----+--------+

Top non-repeatable levels by time:
     D:2: 1515 daAuts
     D:1: 1293 daAuts
     D:3: 266 daAuts
